 Dungeon Crawl Stone Soup version bcrawl-1.28.1b (webtiles) character file.

Game seed: 14707531918973368134

242097 Adamkad1 the Ruffian (level 9, -1/78 HPs)
             Began as a Yellow Draconian Transmuter on Dec 12, 2020.
             Was a Believer of Wu Jian.
             Killed by nerve-wracking pain
             ... invoked by an orc priest
              (10 damage)
             ... on level 6 of the Dungeon.
             The game lasted 00:14:57 (6998 turns).

Adamkad1 the Ruffian (Yellow Draconian Transmuter)  Turns: 6998, Time: 00:14:57

Health: -1/78      AC:  2    Str: 16    XL:     9   Next: 19%
Magic:  12/15      EV: 24    Int: 13    God:    Wu Jian [**....]
Gold:   359        SH:  0    Dex: 17    Spells: 3/16 levels left

rFire    . . .     SeeInvis .     - Fangs (venom) (14.9)
rCold    + . .     Gourm    .   (shield currently unavailable)
rNeg     . . .     Faith    .   (armour unavailable)
rPois    x         Spirit   .   (helmet currently unavailable)
rElec    +         Reflect  .   (cloak currently unavailable)
rCorr    .         Harm     .   (gloves currently unavailable)
MR       .....                  (boots currently unavailable)
Stlth    ++........             (no amulet)
HPRegen  0.23/turn              g - ring of protection from cold
MPRegen  0.14/turn              u - ring of insulation

@: spider-form
A: tiny, (spit acid), (acid resistance), unfitting armour, AC +7
a: End Transformation, Wall Jump, Serpent's Lash, Renounce Religion


You were on level 6 of the Dungeon.
You worshipped Wu Jian.
Wu Jian was pleased with you.
You were hungry.
You were a venomous arachnid creature.
You visited 2 branches of the dungeon, and saw 8 of its levels.

You collected 359 gold pieces.

Inventory:

Hand Weapons
 n - the cursed +2 trident "Saetrupn" {drain, MR+ Dex+4, unknown}
   (You found it on level 7 of the Dungeon)

   A truly terrible weapon, it drains the life of those it strikes.
   It affects your dexterity (+4).
   It affects your resistance to hostile enchantments.
   It has a curse placed upon it.
   Wu Jian disapproves of the use of such an item.
 x - the +3 mace "Oradan" {freeze, rElec Int+4, unknown}
   (You found it on level 6 of the Dungeon)

   It has been specially enchanted to freeze those struck by it, increasing
   damage dealt by approximately one third against foes not resistant or
   susceptible to cold, and potentially slowing cold-blooded foes.
   It affects your intelligence (+4).
   It insulates you from electricity.
Missiles
 a - 1166 arrows
 b - 58 poisoned tomahawks (quivered)
Armour
 f - a +1 pair of gloves
 k - a +1 pair of gloves of strength (melded)
 p - a +0 pair of boots (melded)
 s - a +0 medium shield
 t - a +1 cloak (melded)
Jewellery
 g - a ring of protection from cold (left front leg)
 m - an uncursed ring of wizardry
 u - a ring of insulation (right front leg)
 y - an uncursed ring of magical power {unknown}
Wands
 q - a wand of random effects (12)
Scrolls
 c - 2 scrolls of fear
 d - 2 scrolls of identify
 h - 4 scrolls of amnesia
 o - 2 scrolls of remove curse
 w - a scroll of blinking {unknown}
Potions
 j - 2 potions of resistance {unknown}
 l - a potion of degeneration {unknown}
 r - 2 potions of flight
 v - 2 potions of agility
 z - a potion of might {unknown}
 A - a potion of cancellation {unknown}
Comestibles
 e - 12 rations {!d}


   Skills:
 * Level 6.4 Fighting
 * Level 5.5 Dodging
 * Level 6.5 Unarmed Combat
 + Level 4.1 Spellcasting
 * Level 6.0 Transmutations


You had 3 spell levels left.
You knew the following spells:

 Your Spells              Type           Power        Failure   Level  Hunger
a - Beastly Appendage     Tmut           ###...       8%          1    None
b - Sticks to Snakes      Tmut           ###.....     10%         2    None
c - Passwall              Tmut/Erth      ##......     22%         2    None
d - Spider Form           Tmut/Pois      ##.          38%         3    ###....
e - Blade Hands           Tmut           ###.......   65%         5    ######.

Your spell library contained the following spells:

 Spells                   Type           Power        Failure   Level  Hunger
 Confuse                  Hex            #.......     73%         3    ###....
 Dazzling Orbs            Conj/Hex       #......      73%         3    ###....
 Ice Form                 Ice/Tmut       ##......     73%         4    #####..
 Petrify                  Tmut/Erth      ##........   73%         4    #####..
 Yara's Violent Unravell  Hex/Tmut       ##........   73%         4    #####..
 Metabolic Englaciation   Hex/Ice        #.........   100%        5    ######.
 Mana Rupture             Conj/Hex       #.........   100%        7    #######


Dungeon Overview and Level Annotations

Branches:
Dungeon (7/12)             Temple (1/1) D:5            Lair (0/6) D:7

Altars:
Ashenzari
Cheibriados
Dithmenos
Elyvilon
Fedhas
Gozag
Hepliaklqana
Lugonu
Makhleb
Nemelex Xobeh
Okawaru
Qazlal
Ru
Sif Muna
Trog
Vehumet
Wu Jian
Xom
Yredelemnul
Zin
The Shining One

Annotations:
D:6 2 runed translucent doors, vencenity's ghost, novice TrBe
D:7 Menkaure


Innate Abilities, Weirdness & Mutations

((You can spit globs of acid.))
((You are resistant to acid.))
((Your golden yellow scales are hard. (AC +7)))
You cannot fit into any form of body armour.
((You are cold-blooded and may be slowed by cold attacks.))


Message History

Confirm with . or Enter, or press ? or * to list all spells.
You turn into a venomous arachnid creature.
Your +1 cloak melds into your body.
Your +1 pair of gloves of strength melds into your body.
Your +0 pair of boots melds into your body.
You feel weaker. The orc completely misses you. x2
The orc priest calls down the wrath of Beogh upon you.
Beogh smites you!
* * * LOW HITPOINT WARNING * * *
You closely miss the orc priest.
The orc priest is lightly wounded.
The orc misses you. x2
You hit the orc priest but do no damage.
The orc priest is poisoned.
The orc priest is lightly wounded.
The orc closely misses you.
The orc priest invokes the aid of Beogh against you.
Pain shoots through your body!
You die...

#..#..#...........#...#......#
#..(..###..........#.........#
###..## #..........#...##...##
8.8..# #.##.......#...#...##
))...####.##.........))#...#
8)8...##.......#..###).##.##
###...........#####.#.#####
#..........#....o.....##
#..........##..oso.....#
........##..#...[......#
................##....##
...........####.#......###
...........####..........#
...........##......)....##
.##))#.#...........#....#
.##)#####........#.#....##
..#[..#......#...........#


You could see an orc priest and 2 orcs.

Vanquished Creatures
  A hungry ghost (D:6)
  A water moccasin (D:6)
  A crocodile (D:7)
  A porcupine (D:6)
  An ice beast (D:7)
  An orc warrior (D:6)
  A phantom (D:6)
  2 black bears
  A centaur (D:5)
  A bullfrog (D:6)
  2 scorpions (D:6)
  6 killer bees (D:7)
  A hound (D:4)
  2 jellies
  An orc priest (D:6)
  9 orc wizards
  A centaur skeleton (D:5)
  2 bullfrog skeletons
  3 iguanas
  7 worker ants
  4 gnolls (D:3)
  6 adders
  An adder zombie (D:7)
  3 worms (D:3)
  A dart slug (D:1)
  5 leopard geckos
  27 orcs
  5 giant cockroaches
  2 goblins (D:1)
  4 hobgoblins
  10 jackals
  4 quokkas
  7 bats
  5 frilled lizards
  4 kobolds
  4 rats
137 creatures vanquished.

Vanquished Creatures (others)
  29 fungi (D:7)
  10 plants (D:7)
39 creatures vanquished.

Grand Total: 176 creatures vanquished

Notes
Turn   | Place    | Note
-------+----------+-------------------------------------------
     0 | D:1      | Adamkad1 the Draconian Transmuter began the quest for the
                  | Orb.
     0 | D:1      | Reached XP level 1. HP: 16/16 MP: 3/3
    63 | D:1      | Reached XP level 2. HP: 8/23 MP: 5/5
   918 | D:2      | Reached XP level 3. HP: 29/29 MP: 4/6
   947 | D:2      | Learned a level 2 spell: Sticks to Snakes
   950 | D:2      | Learned a level 2 spell: Passwall
  1533 | D:3      | Reached XP level 4. HP: 18/36 MP: 7/7
  2482 | D:3      | Reached XP level 5. HP: 40/44 MP: 0/8
  2765 | D:3      | Found a shimmering altar of Xom.
  3204 | D:4      | Learned a level 3 spell: Spider Form
  3654 | D:4      | Reached XP level 6. HP: 51/51 MP: 4/10
  4053 | D:5      | Entered Level 5 of the Dungeon
  4074 | D:5      | Found a staircase to the Ecumenical Temple.
  4102 | Temple   | Entered the Ecumenical Temple
  4229 | Temple   | Became a worshipper of the Wu Jian Council
  4719 | D:5      | Your scales start taking on a golden yellow colour.
  4719 | D:5      | Reached XP level 7. HP: 14/59 MP: 6/11
  4842 | D:5      | Found a basalt altar of Yredelemnul.
  5274 | D:6      | Got a slimy mace
  5435 | D:6      | Reached skill level 5 in Unarmed Combat
  5446 | D:6      | Reached * piety under Wu Jian
  5541 | D:6      | Noticed a hungry ghost
  5572 | D:6      | Killed a hungry ghost
  5573 | D:6      | Reached XP level 8. HP: 52/67 MP: 8/13
  5673 | D:6      | Reached skill level 5 in Fighting
  5967 | D:6      | Reached skill level 5 in Transmutations
  6008 | D:6      | Found a hazy altar of Hepliaklqana.
  6132 | D:6      | Found a large runed translucent door.
  6133 | D:6      | Found a large runed translucent door.
  6135 | D:6      | Noticed vencenity's ghost (novice TrBe)
  6207 | D:6      | Found a shimmering blue altar of Sif Muna.
  6438 | D:7      | Reached skill level 5 in Dodging
  6591 | D:7      | Reached ** piety under Wu Jian
  6626 | D:6      | Reached XP level 9. HP: 27/75 MP: 12/15
  6735 | D:7      | Got a polished trident
  6759 | D:7      | Learned a level 5 spell: Blade Hands
  6971 | D:7      | Found a staircase to the Lair.
  6974 | D:7      | Noticed Menkaure
  6998 | D:6      | Killed from afar by an orc priest

Skill      XL: |  1  2  3  4  5  6  7  8  9 |
---------------+----------------------------+-----
Dodging        | 2 3 4 5 |  5.5
Fighting       | 2 3 4 6 |  6.4
Transmutations | 3 4 5 6 |  6.0
Unarmed Combat | 4 5 6 |  6.5
Spellcasting   | 3 4 |  4.1

Action                   |  1- 3 |  4- 6 |  7- 9 || total
-------------------------+-------+-------+-------++-------
Melee: Unarmed           |   149 |   183 |   232 ||   564
       Headbutt          |     7 |     6 |    17 ||    30
       Punch             |     1 |       |     3 ||     4
       Tailslap          |     6 |    14 |    12 ||    32
       Kick              |     9 |     4 |       ||    13
Throw: Tomahawk          |       |     4 |       ||     4
 Cast: Beastly Appendage |    23 |    21 |    11 ||    55
       Sticks to Snakes  |       |     2 |       ||     2
       Spider Form       |       |     8 |    14 ||    22
Invok: Lunge             |       |     1 |     9 ||    10
       Whirlwind         |       |       |     8 ||     8
 Abil: Breathe Acid      |       |       |     4 ||     4
  Use: Scroll            |       |     5 |     5 ||    10
       Potion            |       |     2 |     2 ||     4
  Eat: Chunk             |     5 |    15 |    18 ||    38
       Ration            |       |       |     2 ||     2
Armor: Skin              |    67 |    39 |    58 ||   164
Dodge: Dodged            |   126 |   139 |   150 ||   415
